 Dungeon Crawl Stone Soup version 0.30-a0-857-gcaf70739d4 (webtiles) character file.

Game seed: 4931245066282975780

1543 dialectric the Covered (level 8, -4/52 (62) HPs)
             Began as a Demonspawn Fighter on Mar 5, 2023.
             Was a Believer of Ashenzari.
             Slain by a wight
             ... wielding a +0 falchion
              (6 damage)
             ... on level 6 of the Dungeon.
             The game lasted 00:09:16 (5583 turns).

dialectric the Covered (Demonspawn Fighter)         Turns: 5583, Time: 00:09:16

HP:   -4/52 (62)    AC: 10    Str: 19    XL:     8   Next: 56%
MP:   11/11         EV: 11    Int: 14    God:    Ashenzari [**....]
Gold: 267           SH:  0    Dex: 12    Spells: 9/11 levels left

rFire   . . .      SeeInvis +    f - +1 dagger (drain)
rCold   . . .      Faith    .    (no shield)
rNeg    . . .      Spirit   .    b - +0 scale mail of Ashenzari's Fanaticism {Alch, Cun} (curse)
rPois   .          Reflect  .    (no helmet)
rElec   .          Rampage  .    o - +0 cloak of the Oracular Jealousy {Melee, Fort} (curse)
rCorr   .                        (no gloves)
Will    .....                    s - +0 pair of boots of the Bound Blue Moon {Elem, Bglg} (curse) Stlth
                                 (no amulet)
HPRegen 0.28/turn                v - ring of wizardry
MPRegen 0.12/turn                (no ring)

@: heavily drained
A: hooves 1, big brain 2
a: Renounce Religion, Shatter the Chains


You were on level 6 of the Dungeon.
You worshipped Ashenzari.
Ashenzari was pleased with you.
You visited 2 branches of the dungeon, and saw 7 of its levels.

You collected 267 gold pieces.

Inventory:

Hand Weapons
 a - a +0 long sword
 f - a +1 dagger of draining (weapon)
Missiles
 y - 6 poisoned darts (quivered)
Armour
 b - the cursed +0 scale mail of Ashenzari's Fanaticism (worn) {Alch, Cun}

   It has a curse which improves the following skills: Alchemy: Poison Magic and
   Transmutations.
   Cunning:   Dodging and Stealth.
 c - a +0 buckler
 o - the cursed +0 cloak of the Oracular Jealousy (worn) {Melee, Fort}
   (You found it on level 3 of the Dungeon)

   It has a curse which improves the following skills: Melee Combat: Short
   Blades, Long Blades, Axes, Maces & Flails, Polearms, Staves and Unarmed
   Combat.
   Fortitude: Armour and Shields.
 s - the cursed +0 pair of boots of the Bound Blue Moon (worn) {Elem, Bglg}
   (You found it on level 3 of the Dungeon)

   It has a curse which improves the following skills: Elements: Fire Magic, Ice
   Magic, Air Magic and Earth Magic.
   Beguiling: Conjurations, Hexes and Translocations.
Jewellery
 v - a ring of wizardry (left hand)
Wands
 e - a wand of quicksilver (3)
 w - a wand of charming (8)
Scrolls
 j - 2 scrolls of vulnerability
 l - 3 scrolls of immolation
 n - 8 scrolls of identify
 q - a scroll of magic mapping
 t - a scroll of teleportation
 u - a scroll of amnesia
Potions
 d - a potion of might
 g - 2 potions of lignification
 h - 2 potions of degeneration
 i - a potion of heal wounds
 k - a potion of magic
 m - 2 potions of attraction
 p - 2 potions of haste
 r - 3 potions of curing
 x - a potion of brilliance


   Skills:
 - Level 5.3 Fighting
 + Level 4.2(5.8) Short Blades
 + Level 2.7(4.7) Long Blades
 + Level 5.4(6.6) Armour
 * Level 3.7(4.9) Dodging
 + Level 0.9(1.6) Stealth
 - Level 2.6(3.7) Shields
 * Level 2.0 Spellcasting
 * Level 2.0(3.0) Hexes
 * Level 1.9(2.9) Ice Magic


You had 9 spell levels left.
You knew the following spells:

 Your Spells              Type           Power      Damage    Failure   Level
a - Ensorcelled Hibernat  Hex/Ice        18%        N/A       12%         2

Your spell library contained the following spells:

 Spells                   Type           Power      Damage    Failure   Level
 Magic Dart               Conj           4%         1d3       24%         1
 Call Imp                 Summ           1%         N/A       34%         2
 Passwall                 Tmut/Erth      0%         N/A       34%         2
 Mephitic Cloud           Conj/Pois/Air  1%         N/A       56%         3
 Swiftness                Air            1%         N/A       56%         3


Dungeon Overview and Level Annotations

Branches:
Dungeon (6/15)             Temple (1/1) D:5

Altars:
Ashenzari
Fedhas
Makhleb
Uskayaw
Xom

Shops:
D:1 *   D:2 (***[   D:4 :

Annotations:
D:4 1 runed translucent door, neptus's ghost, amateur MiFi
D:5 2 runed translucent doors
D:6 3 runed translucent doors, DiggyJ's ghost, novice HOFi


Innate Abilities, Weirdness & Mutations

You have large cloven feet.
You have an extremely huge brain. (Int +4)


Message History

The wight hits you with a +0 falchion.
You feel drained.
You hit the wight but do no damage.
The wight is moderately damaged.
The wight barely misses you.
You hit the wight but do no damage.
The wight is moderately damaged.
You hit the wight but do no damage.
The wight is moderately damaged.
The wight hits you with a +0 falchion.
You feel drained.
You hit the wight.
The wight is heavily damaged.
The wight hits you with a +0 falchion!
You hit the wight but do no damage.
The wight is heavily damaged.
You barely miss the wight.
The wight is heavily damaged.
The wight barely misses you.
You hit the wight.
The wight is heavily damaged.
The wight closely misses you.
You hit the wight.
The wight is heavily damaged.
The wight hits you with a +0 falchion.
* * * LOW HITPOINT WARNING * * *
You closely miss the wight.
The wight is heavily damaged.
You barely miss the wight.
The wight is heavily damaged.
The wight hits you with a +0 falchion!
* * * LOW HITPOINT WARNING * * *
You feel drained.
* * * LOW HITPOINT WARNING * * *
You closely miss the wight. You punch the wight, but do no damage.
The wight is heavily damaged.
The wight hits you with a +0 falchion.
* * * LOW HITPOINT WARNING * * *
You feel drained.
* * * LOW HITPOINT WARNING * * *
The wight attacks as you move away! The wight hits you with a +0 falchion.
You die...

* , #..# #.# ...#
,#....# *,* ,#..# #.#..,
..., #....# *
,#..###.#.####.####....#
,#..#............##....#
#..#........#.#.##....#
#..#.#.#.##...#.####'##
.#..#.#.#......#......#
..................###.#
,#..@..........# #.# * *
#.#z#########.#*####
,#.......... ...., .. *
#.#.####### #.###*## *
,,,...... * #.# *#.# #.#
,,, #.# ,* #<.*,..# * *
#.# #. #..,*, # * ##.,,
,


You could see a wight.

Vanquished Creatures
  Grinder (D:3)
  A water moccasin (D:6)
  An orc warrior (D:5)
  A black bear (D:4)
  An ogre (D:4)
  2 centaurs
  2 phantoms
  A scorpion (D:5)
  4 hounds
  A jelly (D:6)
  4 orc priests
  An iguana (D:5)
  Terence (D:2)
  An orc wizard (D:5)
  Robin (D:2)
  8 gnolls
  4 adders
  A white imp (D:6)
  A worm (D:4)
  3 dart slugs
  13 orcs
  5 endoplasms
  2 giant cockroaches
  13 goblins
  11 hobgoblins
  5 jackals
  A quokka (D:2)
  3 ball pythons
  3 bats
  2 frilled lizards (D:2)
  11 kobolds
  6 rats
115 creatures vanquished.

Vanquished Creatures (others)
  2 plants (D:4)
2 creatures vanquished.

Grand Total: 117 creatures vanquished

Notes
Turn   | Place    | Note
-------+----------+-------------------------------------------
     0 | D:1      | dialectric the Demonspawn Fighter began the quest for the
                  | Orb.
     0 | D:1      | Reached XP level 1. HP: 18/18 MP: 1/1
    96 | D:1      | Found a faded altar of an unknown god.
   110 | D:1      | Prayed at the altar of an unknown god.
   110 | D:1      | Became a worshipper of Ashenzari the Shackled
   180 | D:1      | Found Plog's General Store.
   232 | D:1      | Gained mutation: You have an unusually large brain. (Int
                  | +2) [demonic ancestry]
   232 | D:1      | Reached XP level 2. HP: 20/24 MP: 2/2
   377 | D:1      | Reached XP level 3. HP: 27/29 MP: 3/3
   704 | D:2      | Found Paas's Weapon Shoppe.
   762 | D:2      | Noticed Robin
   814 | D:2      | Killed Robin
   817 | D:2      | Reached skill level 1 in Dodging
   934 | D:2      | Found Faeblis's Assorted Antiques.
   974 | D:2      | Found Koekevo's Assorted Antiques.
  1013 | D:2      | Noticed Terence
  1015 | D:2      | Found Zadaecye's General Store.
  1037 | D:2      | Killed Terence
  1038 | D:2      | Gained mutation: You have an extremely huge brain. (Int +4)
                  | [demonic ancestry]
  1038 | D:2      | Reached XP level 4. HP: 22/37 MP: 4/4
  1178 | D:2      | Found Moatz's Armour Boutique.
  1936 | D:3      | Noticed Grinder
  1949 | D:3      | Paralysed by Grinder for 2 turns
  1954 | D:3      | Killed Grinder
  1955 | D:3      | Reached skill level 1 in Short Blades
  1955 | D:3      | Reached XP level 5. HP: 11/42 MP: 5/5
  1955 | D:3      | Reached XP level 6. HP: 13/48 MP: 6/6
  2433 | D:4      | Found a runed translucent door.
  2433 | D:4      | Noticed neptus's ghost (amateur MiFi)
  2531 | D:4      | Gained mutation: You have large cloven feet. [demonic
                  | ancestry]
  2531 | D:4      | Reached XP level 7. HP: 45/55 MP: 7/7
  2721 | D:4      | Found Vaown's Book Emporium.
  2948 | D:4      | Found a blossoming altar of Fedhas.
  3036 | D:4      | Learned a level 2 spell: Ensorcelled Hibernation
  3455 | D:5      | Entered Level 5 of the Dungeon
  3676 | D:5      | Found a large runed translucent door.
  3677 | D:5      | Found a large runed translucent door.
  3807 | D:5      | Found a staircase to the Ecumenical Temple.
  3980 | D:5      | Reached skill level 5 in Fighting
  3980 | D:5      | Reached skill level 1 in Spellcasting
  3980 | D:5      | Reached skill level 1 in Hexes
  3980 | D:5      | Reached skill level 1 in Ice Magic
  3980 | D:5      | Reached XP level 8. HP: 62/62 MP: 9/9
  3990 | D:5      | Reached * piety under Ashenzari
  4013 | D:5      | Reached skill level 5 in Armour
  4307 | Temple   | Entered the Ecumenical Temple
  5277 | D:6      | Reached ** piety under Ashenzari
  5384 | D:6      | Found a runed translucent gate.
  5385 | D:6      | Found a runed translucent gate.
  5386 | D:6      | Found a runed translucent gate.
  5388 | D:6      | Noticed DiggyJ's ghost (novice HOFi)
  5582 | D:6      | HP: 2/52 [wight/+0 falchion (1)]
  5583 | D:6      | Slain by a wight

Illustrated notes

Levels and vault maps discovered:
D:1:      lemuel_arrival_cross, layout_basic, basic_ecumenical_altar,
          serial_shops, shop_statue
D:2:      layout_basic, serial_shops, nicolae_square_shop,
          nicolae_shop_bloodbath_and_beyond, nicolae_shop_crystal,
          shop_fountains, nicolae_lakefront_shop, uniq_terence, uniq_robin
D:3:      layout_loops_cross, mainiacjoe_overflow_brackets, uniq_grinder
D:4:      layout_loops_corners, fedhas_altar_4, serial_shops,
          nicolae_shop_statue_plus, hellmonk_ghost_happy_afterlife,
          serial_bayou_pond_b
D:5:      layout_basic, jmf_multi_god_temple2, minmay_temple_entry_hall
D:6:      layout_basic, gammafunk_ghost_necromancy
Temple:   eino_temple_scatter_basement

Skill      XL: |  1  2  3  4  5  6  7  8 |
---------------+-------------------------+-----
Long Blades    | 2 |  2.7
Armour         | 3 4 5 |  5.4
Dodging        | 1 2 3 |  3.7
Fighting       | 4 5 |  5.3
Short Blades   | 1 2 3 4 |  4.2
Spellcasting   | 1 2 |  2.0
Hexes          | 1 2 |  2.0
Ice Magic      | 1 |  1.9
Stealth        | |  0.9
Shields        | |  2.6

Action                     |  1- 3 |  4- 6 |  7- 9 || total
---------------------------+-------+-------+-------++-------
  Melee: Dagger            |   118 |   122 |   329 ||   569
         Long sword        |     5 |       |       ||     5
         Punch             |       |       |     7 ||     7
   Cast: Ensorcelled Hiber |       |       |     2 ||     2
 Invoke: Curse Item        |       |       |     3 ||     3
  Evoke: Wand              |       |       |     5 ||     5
    Use: Potion            |       |     1 |       ||     1
         Scroll            |       |     1 |       ||     1
 Armour: Scale mail        |    61 |    59 |   140 ||   260
  Dodge: Dodged            |    57 |    52 |   159 ||   268

Table legend: (Time is in decaauts)
 A = Elapsed time spent in this place.
 B = Non-inter-level travel time spent in this place.
 C = Inter-level travel time spent in this place.
 D = Time resting spent in this place.
 E = Time spent auto-exploring this place.
 F = Levels seen in this place.
 G = Mean time per level.
                   A        B        C        D        E       F      G
               +--------+--------+--------+--------+--------+-----+--------+
         Total |   5498 |   5349 |    149 |    579 |   3611 |   7 |  785.4 |
       Dungeon |   5447 |   5298 |    149 |    579 |   3611 |   6 |  907.8 |
        Temple |     51 |     51 |      0 |      0 |      0 |   1 |   51.0 |
               +--------+--------+--------+--------+--------+-----+--------+

Top non-repeatable levels by time:
     D:4: 1529 daAuts
     D:5: 1004 daAuts
     D:2: 887 daAuts
     D:3: 732 daAuts
     D:6: 663 daAuts
     D:1: 630 daAuts
  Temple: 51 daAuts
